 Dungeon Crawl Stone Soup version 0.20-a0-537-g052e6ba (webtiles) character file.

216 Alarkh the Chopper (level 5, -13/41 HPs)
             Began as a Demonspawn Monk on Jan 28, 2017.
             Was a Believer of Okawaru.
             Killed from afar by Chrigeo's ghost (14 damage)
             ... with a puff of frost
             ... on level 4 of the Dungeon.
             The game lasted 00:04:14 (4332 turns).

Alarkh the Chopper (Demonspawn Monk)                Turns: 4332, Time: 00:04:15

Health: -13/41     AC:  2    Str: 11    XL:     5   Next: 61%
Magic:  5/5        EV: 13    Int: 13    God:    Okawaru [**....]
Gold:   172        SH:  0    Dex: 15    Spells: 4/4 levels left

rFire    . . .     SeeInvis .   a - +0 hand axe (vamp)
rCold    . . .     Gourm    .   b - +0 robe
rNeg     . . .     Faith    .   (no shield)
rPois    .         Spirit   .   (no helmet)
rElec    .         Reflect  .   (no cloak)
rCorr    .         Harm     .   (no gloves)
MR       +....                  (no boots)
Stlth    ++++......             (no amulet)
Regen    0.2/turn               (no ring)
                                n - ring of protection from magic

@: no status effects
A: claws 1, nightstalker 2
a: Heroism, Renounce Religion


You were on level 4 of the Dungeon.
You worshipped Okawaru.
Okawaru was pleased with you.
You were hungry.

You visited 1 branch of the dungeon, and saw 4 of its levels.

You collected 172 gold pieces.

Inventory:

Hand Weapons
 a - a +0 vampiric hand axe (weapon)
 r - a +0 hand axe
Armour
 b - a +0 robe (worn)
Jewellery
 g - an uncursed ring of fire {unknown}
 n - a ring of protection from magic (left claw)
Wands
 m - a wand of lightning (8/15)
Scrolls
 d - a scroll of teleportation {unknown}
 e - a scroll of identify
 f - a scroll of remove curse
 i - a scroll of fear {unknown}
 j - a scroll of amnesia
 l - a scroll of enchant armour {unknown}
 q - a scroll of fog
Potions
 h - a potion of cancellation
 p - a potion of heal wounds
Comestibles
 c - 3 bread rations
 k - 2 fruits


   Skills:
 - Level 3.0 Fighting
 + Level 5.8 Axes
 - Level 2.6 Dodging
 - Level 1.7 Stealth


You had 4 spell levels left.
You didn't know any spells.

Dungeon Overview and Level Annotations

Branches:
Dungeon (4/15)
 Temple: D:4-7

Altars:
Elyvilon
Makhleb
Okawaru
Trog

Annotations:
D:4 Blork the orc; Chrigeo's ghost, amateur DrIE


Innate Abilities, Weirdness & Mutations

You have sharp fingernails.
You are significantly more attuned to the shadows.


Message History

Blork the orc is severely wounded.
The frilled lizard hisses angrily.
You hit Blork the orc.
You feel better.
Blork the orc is severely wounded.
Blork the orc hits you with a trident.
* * * LOW HITPOINT WARNING * * *
Unknown command.
Blork the orc points at you and mumbles some strange words.
The magic dart hits you!
* * * LOW HITPOINT WARNING * * *
Blork the orc mumbles some strange words.
Blork the orc seems to speed up.
You found a shaft!
Blork the orc barely misses you.
Blork the orc points at you and mumbles some strange words.
The puff of flame hits you!
* * * LOW HITPOINT WARNING * * *
Chrigeo's ghost points at you and mumbles some strange words.
The puff of frost hits you!
You die...

#..# #................# #.
#..#####................# #.
#........###............# #.
#.######.# #............####
#.# #.# #............##..
#.######.###.....<......##.#
#.......o....########.####.#
#.....................).....
#.#####..W^@.########.####.#
#....##.......... #.# #.#
#l.o.##.......... ... #.#
#....##.......... .... #.#
.........##...... #... .#
##........ ####... #.......


You could see Blork the orc and Chrigeo's ghost.

Vanquished Creatures
  A bullfrog (D:3)
  5 adders
  3 gnolls (D:4)
  2 oozes
  2 worms (D:3)
  2 dart slugs
  A leopard gecko (D:2)
  2 orcs (D:3)
  8 bats
  A giant cockroach (D:3)
  7 goblins
  5 hobgoblins
  3 jackals (D:2)
  11 kobolds
  A quokka (D:4)
  4 frilled lizards
  10 rats
68 creatures vanquished.

Vanquished Creatures (others)
  A kobold (D:3)
1 creature vanquished.

Grand Total: 69 creatures vanquished

Notes
Turn   | Place    | Note
-------+----------+-------------------------------------------
     0 | D:1      | Alarkh the Demonspawn Monk began the quest for the Orb.
     0 | D:1      | Reached XP level 1. HP: 18/18 MP: 1/1
    84 | D:1      | Reached skill level 3 in Axes
   261 | D:1      | Gained mutation: You are slightly more attuned to the shadows. [demonic ancestry]
   261 | D:1      | Reached XP level 2. HP: 17/24 MP: 2/2
  1278 | D:2      | Gained mutation: You have sharp fingernails. [demonic ancestry]
  1278 | D:2      | Reached XP level 3. HP: 26/29 MP: 3/3
  1328 | D:2      | Reached skill level 4 in Axes
  1575 | D:2      | Found a burning altar of Makhleb.
  1679 | D:2      | Found an iron altar of Okawaru.
  1686 | D:2      | Became a worshipper of Warmaster Okawaru
  1686 | D:2      | Reached * piety under Okawaru
  1686 | D:2      | Reached ** piety under Okawaru
  1761 | D:2      | Gained mutation: You are significantly more attuned to the shadows. [demonic ancestry]
  1761 | D:2      | Reached XP level 4. HP: 22/35 MP: 4/4
  2134 | D:3      | Noticed a bullfrog
  2161 | D:3      | Killed a bullfrog
  2161 | D:3      | Reached skill level 5 in Axes
  2161 | D:3      | Reached XP level 5. HP: 10/41 MP: 5/5
  3270 | D:3      | Noticed a moth of wrath
  3273 | D:3      | Found a bloodstained altar of Trog.
  3665 | D:3      | Found a white marble altar of Elyvilon.
  4299 | D:4      | Noticed Blork the orc
  4318 | D:4      | Noticed Chrigeo's ghost (amateur DrIE)
  4332 | D:4      | HP: 1/41 [Blork the orc/puff of flame (8)]
  4332 | D:4      | Killed from afar by Chrigeo's ghost

Vault maps used:
D:1:      dpeg_arrival_windows_large_door
D:2:      wad_river_or_something, lemuel_crystal_altar,
          okawaru_ov_weapons_minmay, serial_curves, eino_curves_04,
          eino_curves_01, minmay_distorted
D:3:      tgw_trog, elyvilon_altar_4
D:4:      roderic_lattice_a, uniq_blork_the_orc

Skill      XL: |  1  2  3  4 |
---------------+-------------+-----
Axes           | 3 4 5 |  5.8
Fighting       | |  3.0
Dodging        | |  2.6
Stealth        | |  1.7

Action                   |  1- 3 |  4- 6 || total
-------------------------+-------+-------++-------
Melee: Hand axe          |   152 |   161 ||   313
       Punch             |       |     1 ||     1
Invok: Heroism           |       |     3 ||     3
  Use: Scroll            |       |     5 ||     5
       Potion            |       |     4 ||     4
 Stab: Sleeping          |    10 |    13 ||    23
       Distracted        |     1 |       ||     1
  Eat: Chunk             |     3 |     2 ||     5
       Meat ration       |       |     2 ||     2
Armor: Robe              |    22 |    19 ||    41
Dodge: Dodged            |   116 |   106 ||   222
